 Dungeon Crawl Stone Soup version 0.19.5 (webtiles) character file.

747 Azzok the Skirmisher (level 7, -6/63 HPs)
             Began as a Centaur Fighter on June 8, 2017.
             Was a Follower of Okawaru.
             Mangled by an orc warrior
             ... wielding a +0 battleaxe
              (19 damage)
             ... on level 6 of the Dungeon.
             The game lasted 00:09:40 (5503 turns).

Azzok the Skirmisher (Centaur Fighter)              Turns: 5503, Time: 00:09:41

Health: -6/63      AC: 11    Str: 20    XL:     7   Next: 48%
Magic:  9/9        EV:  1    Int:  7    God:    Okawaru [*.....]
Gold:   158        SH:  8    Dex:  9    Spells: 0 memorised, 6 levels left

rFire  . . .     SeeInvis .       - Unarmed
rCold  . . .     Gourm    .     t - +0 plate armour
rNeg   . . .     Faith    .     b - +0 shield
rPois  .         Spirit   .     (no helmet)
rElec  .         Reflect  .     p - +0 cloak (curse)
rCorr  .         Harm     .     k - +0 pair of gloves (curse)
MR     +....                    (no barding)
Stlth  ..........               (no amulet)
                                (no ring)
                                v - ring of protection from magic

@: very quick
A: hooves 3, deformed body, speed 2, tough skin 3
a: Heroism, Renounce Religion


You were on level 6 of the Dungeon.
You worshipped Okawaru.
Okawaru was aware of your devotion.
You were not hungry.

You visited 1 branch of the dungeon, and saw 6 of its levels.

You collected 158 gold pieces.

Inventory:

Missiles
 g - 67 arrows
Armour
 b - a +0 shield (worn)
 k - a cursed +0 pair of gloves (worn)
 p - a cursed +0 cloak (worn)
 t - a +0 plate armour (worn)
Jewellery
 v - a ring of protection from magic (left hand)
Scrolls
 a - a scroll of blinking {unknown}
 c - a scroll of magic mapping {unknown}
 f - 3 scrolls of fog {unknown}
 h - 2 scrolls of fear {unknown}
 j - a scroll of random uselessness {unknown}
 l - a scroll of enchant armour {unknown}
 m - a scroll of teleportation {unknown}
 o - a scroll of recharging {unknown}
 s - 3 scrolls of identify {unknown}
 u - 2 scrolls of remove curse {unknown}
Potions
 e - 2 potions of curing {unknown}
 i - 2 potions of flight {unknown}
 n - a potion of brilliance {unknown}
 q - 2 potions of degeneration {unknown}
Comestibles
 d - 6 bread rations {@e1}
 r - a meat ration {@e2}
 w - 2 chunks of flesh {@w0}


   Skills:
 + Level 6.2 Fighting
 - Level 2.1 Armour
 - Level 2.1 Shields
 + Level 5.4 Unarmed Combat
 + Level 3.7 Invocations


You had 6 spell levels left.
You didn't know any spells.

Dungeon Overview and Level Annotations

Branches:
Dungeon (7/15)
 Temple: D:4-7

Altars:
Okawaru
Trog
Yredelemnul
Zin

Shops:
D:6 }:?%


Innate Abilities, Weirdness & Mutations

You have hooves in place of feet.
Armour fits poorly on your strangely shaped body.
You cover ground very quickly.
You have extremely tough skin. (AC +3)


Message History

The orc warrior is lightly wounded.
Your plate armour prevents you from hitting the orc warrior.
The orc warrior is lightly wounded.
The orc warrior hits you with a battleaxe!!
You take 18 damage, and have 38/63 hp.
MASSIVE DAMAGE!!
You closely miss the orc warrior.
You kick the orc warrior, but do no damage.
The orc warrior is lightly wounded.
You block the orc warrior's attack.
You barely miss the orc warrior.
The orc warrior is lightly wounded.
The orc warrior hits you with a battleaxe!!
* * * LOW HITPOINT WARNING * * *
You take 25 damage, and have 13/63 hp.
MASSIVE DAMAGE!!
You hit the orc warrior.
The orc warrior is moderately wounded.
You closely miss the orc warrior.
The orc warrior is moderately wounded.
The orc warrior hits you with a battleaxe!!
You die...

▒▒▒ ▒▒▒
▒▒▒▒▒▒▒▒▒▒▒▒·▒▒▒▒▒▒▒·▒
▒····················▒ ▒
▒·▒▒▒▒▒▒▒▒·▒o▒▒▒▒▒▒▒·▒ ▒ ▒·▒
▒·▒@▒ ▒·▒ ▒▒▒▒▒·▒ ▒·▒·▒ ▒·▒
··_▒▒·▒ ▒·▒·······▒·▒
▒▒▒▒▒·▒▒▒▒▒▒▒▒·▒▒▒▒▒▒▒·▒)▒ ▒
▒▒········▒·· ▒·▒
▒▒▒▒··▒▒▒▒▒▒·▒▒▒▒▒▒▒▒▒▒▒)▒▒▒
······'····················▒
······▒▒▒▒▒▒·▒▒▒▒▒▒▒▒▒▒▒▒▒▒▒
······▒ ▒·▒


You could see an orc warrior.

Vanquished Creatures
  A sky beast (D:6)
  Blork the orc (D:6)
  3 bullfrogs
  A scorpion (D:6)
  A crimson imp (D:6)
  A hound (D:6)
  A jelly (D:6)
  An orc wizard (D:6)
  Jessica (D:2)
  Ijyb (D:2)
  A howler monkey zombie (D:6)
  2 adders (D:3)
  4 gnolls (D:3)
  A shadow imp (D:6)
  3 worms (D:2)
  4 dart slugs
  3 leopard geckos
  9 orcs
  4 giant cockroaches
  2 gnoll zombies (D:6)
  6 hobgoblins
  3 jackals (D:1)
  2 quokkas
  11 bats
  3 frilled lizards
  9 goblins
  8 kobolds
  A quokka skeleton (D:6)
  10 rats
98 creatures vanquished.

Notes
Turn   | Place    | Note
-------+----------+-------------------------------------------
     0 | D:1      | Azzok the Centaur Fighter began the quest for the Orb.
     0 | D:1      | Reached XP level 1. HP: 19/19 MP: 1/1
   227 | D:1      | Reached XP level 2. HP: 25/26 MP: 2/2
   860 | D:1      | Reached XP level 3. HP: 27/31 MP: 3/3
  1434 | D:2      | Noticed Jessica
  1444 | D:2      | Killed Jessica
  1612 | D:2      | Reached XP level 4. HP: 26/40 MP: 4/4
  1862 | D:2      | Reached skill level 4 in Fighting
  2197 | D:2      | Found a glowing silver altar of Zin.
  2384 | D:3      | Noticed Ijyb
  2615 | D:2      | Killed Ijyb
  2651 | D:3      | Reached XP level 5. HP: 30/47 MP: 5/5
  2962 | D:3      | Found an iron altar of Okawaru.
  2965 | D:3      | Became a worshipper of Warmaster Okawaru
  3462 | D:3      | Reached skill level 1 in Invocations
  3616 | D:4      | Reached skill level 5 in Fighting
  3616 | D:4      | Reached XP level 6. HP: 47/56 MP: 5/7
  3745 | D:4      | You fall through a shaft for 2 floors!
  3745 | D:6      | Found Ryckaic's Gadget Emporium.
  3745 | D:6      | Found Tiofukk's Magic Scroll Emporium.
  3745 | D:6      | Found Gilo's Food Emporium.
  3748 | D:6      | Noticed a sky beast
  3750 | D:6      | Found Maeleess's Book Emporium.
  3840 | D:6      | HP: 1/56 [acid (5)]
  3856 | D:6      | Killed a sky beast
  4131 | D:6      | Noticed Blork the orc
  4566 | D:6      | Killed Blork the orc
  4566 | D:6      | Reached * piety under Okawaru
  4566 | D:6      | Reached skill level 5 in Unarmed Combat
  4566 | D:6      | Reached XP level 7. HP: 35/62 MP: 9/9
  4758 | D:6      | Found a basalt altar of Yredelemnul.
  5207 | D:6      | Reached skill level 6 in Fighting
  5223 | D:6      | Found a bloodstained altar of Trog.
  5503 | D:6      | Mangled by an orc warrior

Skill      XL: |  1  2  3  4  5  6  7 |
---------------+----------------------+-----
Unarmed Combat | 3 4 5 |  5.4
Fighting       | 4 5 6 |  6.2
Invocations    | 1 3 |  3.7
Armour         | |  2.1
Shields        | |  2.1

Action                   |  1- 3 |  4- 6 |  7- 9 || total
-------------------------+-------+-------+-------++-------
Melee: Unarmed           |   130 |   322 |    81 ||   533
       Kick              |    27 |    63 |    21 ||   111
  Use: Potion            |       |     1 |       ||     1
  Eat: Chunk             |     1 |     6 |     1 ||     8
       Meat ration       |       |     1 |       ||     1
Armor: Scale mail        |    73 |   119 |       ||   192
       Plate armour      |       |    90 |    24 ||   114
Dodge: Dodged            |    25 |    42 |     1 ||    68
Block: Shield            |    56 |   130 |    24 ||   210
